 Dungeon Crawl Stone Soup version 0.17-a0-2211-gbb7320e (webtiles) character file.

141292 Mercurio the Fencer (level 16, -3/163 HPs)
             Began as a Minotaur Berserker on Oct 27, 2015.
             Was the Champion of Trog.
             Slain by a hill giant
             ... wielding a +0 giant club
             ... summoned by the player character
              (46 damage)
             ... on level 2 of the Snake Pit.
             The game lasted 03:38:26 (29693 turns).

Mercurio the Fencer (Minotaur Berserker)           Turns: 29693, Time: 03:38:26

Health: -3/163     AC: 17    Str: 23      XL:     16   Next: 77%
Magic:  29/29      EV: 29    Int:  6 (7)  God:    Trog [******]
Gold:   2441       SH:  0    Dex: 29      Spells: 0 memorised, 15 levels left

rFire  . . .     SeeInvis +     m - +10 great sword of Untruth {flame, rN+ SInv}
rCold  + . .     Clarity  .     x - +3 ring mail of Tartarus {MR- MP+9 Dex+5}
rNeg   + + .     SustAt   .     (no shield)
rPois  +         Gourm    .     J - +0 hat {Int+3}
rElec  .         Spirit   .     Z - +1 cloak
rCorr  .         Warding  .     R - +0 pair of gloves
rMut   .         Stasis   .     A - +0 pair of boots of Joy {rPois rN+ Dex+4}
MR     +++..                    U - amulet of faith
Stlth  ++........               N - ring of protection from cold
                                q - +4 ring of dexterity

@: about to teleport, regenerating, extremely resistant to hostile enchantments,
unstealthy
A: retaliatory headbutt, horns 2, blurry vision 1, deterioration 1, magic
resistance 1, robust 1, slow regeneration 1
a: Berserk, Trog's Hand, Brothers in Arms, Burn Spellbooks, Renounce Religion


You were on level 2 of the Snake Pit.
You worshipped Trog.
Trog was exalted by your worship.
You were hungry.

You visited 5 branches of the dungeon, and saw 30 of its levels.
You also visited: Ice Cave.

You collected 3765 gold pieces.
You spent 1324 gold pieces at shops.

Inventory:

Hand Weapons
 m - the +10 great sword of Untruth (weapon) {flame, rN+ SInv}
   (Trog gifted it to you on level 11 of the Dungeon)

   It has been specially enchanted to burn those struck by it, causing extra
   injury to most foes and up to half again as much damage against particularly
   susceptible opponents.
   Big, fiery blades are also staple armaments of hydra-hunters.
   It protects you from negative energy.
   It lets you see invisible.
 Q - a +6 antimagic executioner's axe
Missiles
 W - 7 poisoned javelins (quivered)
Armour
 h - a +1 shield of reflection
 r - a cursed -1 scale mail
 x - the +3 ring mail of Tartarus (worn) {MR- MP+9 Dex+5}
   (You found it on level 4 of the Dungeon)

   It affects your dexterity (+5).
   It affects your resistance to hostile enchantments.
   It affects your magic capacity (+9).
 A - the +0 pair of boots of Joy (worn) {rPois rN+ Dex+4}
   (You found it on level 4 of the Dungeon)

   It affects your dexterity (+4).
   It protects you from poison.
   It protects you from negative energy.
 J - a +0 hat of intelligence (worn)
 R - a +0 pair of gloves (worn)
 Z - a +1 cloak (worn)
Jewellery
 i - an uncursed ring of protection from fire
 q - a +4 ring of dexterity (left hand)
 t - a +2 ring of slaying
 N - a ring of protection from cold (right hand)
 U - an amulet of faith (around neck)
Wands
 a - a wand of disintegration (9)
 b - a wand of draining (6)
 d - a wand of fire (9)
 n - a wand of invisibility (2)
 B - a wand of disintegration (14)
 I - a wand of teleportation (5)
 M - a wand of teleportation (4)
Scrolls
 f - 12 scrolls of teleportation
 g - 3 scrolls of summoning
 j - 6 scrolls of immolation
 p - 3 scrolls of magic mapping
 u - a scroll of blinking {unknown}
 w - 11 scrolls of remove curse
 y - 4 scrolls of identify
 C - 4 scrolls of fear
 E - a scroll of holy word {unknown}
Potions
 c - 2 potions of haste
 e - 4 potions of agility
 k - 10 potions of curing
 o - a potion of heal wounds
 v - a potion of brilliance
 D - a potion of invisibility
 H - 7 potions of might
 L - a potion of berserk rage
 Y - a potion of resistance
Books
 z - a book of Flames

   Spells                             Type                      Level
   a - Flame Tongue                   Conjuration/Fire             1
   b - Throw Flame                    Conjuration/Fire             2
   c - Conjure Flame                  Conjuration/Fire             3
   d - Inner Flame                    Hexes/Fire                   3
   e - Sticky Flame                   Conjuration/Fire             4
   f - Fireball                       Conjuration/Fire             5
   Trog disapproves of the use of such an item.
Miscellaneous
 K - an ornate deck of defence
 O - a phial of floods
Comestibles
 l - 16 fruits
 F - a royal jelly
 G - 10 beef jerkies
 P - a bread ration


   Skills:
 - Level 15.0 Fighting
 + Level 20.7 Long Blades
 - Level 15.0 Armour
 - Level 15.0 Dodging
 - Level 8.5 Unarmed Combat
 - Level 7.0 Evocations


You had 15 spell levels left.
You didn't know any spells.

Dungeon Overview and Level Annotations

Branches:
Dungeon (15/15)            Temple (1/1) D:6            Lair (8/8) D:8
  Swamp (0/4) Lair:5        Snake (2/4) Lair:4        Slime (0/6) Lair:6
    Orc (4/4) D:11            Elf (0/3) Orc:3        Vaults (0/5) D:13
 Depths (0/5) D:15

Altars:
Ashenzari
Dithmenos
Elyvilon
Fedhas
Makhleb
Okawaru
Qazlal
Ru
Trog
Vehumet
Xom
Yredelemnul
Zin
Beogh

Shops:
D:7 (   D:9 ?   Orc:3 [   Orc:4 }(%

Portals:
Trove: D:10 (give +3 storm dragon armour)

Annotations:
Snake:2 Vashnia Trove TROVE: +3 Storm Dragon Armour


Innate Abilities, Weirdness & Mutations

You reflexively headbutt those who attack you in melee.
You have a pair of horns on your head.
Scrolls take you a little longer to read.
Your body sometimes deteriorates upon taking damage.
You are resistant to hostile enchantments.
You are robust (+10% HP).
You regenerate slowly when monsters are visible.


Message History

r - Retreat! s - Stop attacking. w - Wait here. f - Follow me.
Anything else - Stay silent.
Gang up on whom?
Press: ? - help, Dir - move target cursor, f/p - naga sharpshooter
Aim: a naga sharpshooter, wielding an arbalest of velocity and wearing a robe (heavily wounded, inner flame) Attack!
The hill giant rages.
The naga sharpshooter gestures wildly while chanting.
The naga sharpshooter magically shoots a bolt.
The bolt hits you but does no damage.
Read which item? (? for menu, Esc to quit)
Okay, then.
The hill giant completely misses you.
The naga sharpshooter shoots a bolt.
The bolt hits you.
* * * LOW HITPOINT WARNING * * *
* * * LOW HITPOINT WARNING * * *
You see here a bolt.
The hill giant hits you with a giant club!!!
You die...

####.......
#####..........
###..............
####................
#..............[....
####................
###.......(......
###########.........
#.(@...####(..รท.....
#((C(...N...........
#(.(((...(...N......
#...................
#......(..).........
#...%.)N............
#####..)..N.........
###......N......
####..N.......


You could see Vashnia, 2 naga sharpshooters and a hill giant (berserk).

Vanquished Creatures
  Gastronok (Lair:1)
  A storm dragon (D:13)
  A frost giant (D:13)
  Nessos (Lair:5)
  A white draconian (IceCv)
  Snorg (Orc:1)
  2 ettins (D:13)
  Josephine (Orc:3)
  Fannar (Orc:1)
  7 hydras
  4 naga warriors
  2 catoblepae
  2 rakshasas
  2 centaur warriors
  A deep troll shaman (Lair:8)
  An ogre mage (D:15)
  5 death yaks
  4 anacondas
  A queen ant (Lair:4)
  5 orc high priests (Orc:4)
  A shock serpent (Snake:1)
  Urug (Orc:3)
  3 naga sharpshooters
  Nergalle (Lair:2)
  A salamander mystic (Snake:2)
  10 skeletal warriors (D:15)
  A fire crab (Lair:6)
  5 orc knights
  4 unseen horrors
  8 hill giants
  2 ice statues
  2 wizards
  An obsidian statue (D:12)
  Pikel (D:7)
  A necromancer (D:15)
  A lindwurm (Lair:6)
  2 deep elf conjurers (D:15)
  3 wolf spider zombies
  4 mana vipers
  3 manticores
  A griffon (Lair:3)
  An ugly thing (D:13)
  3 orc sorcerers
  2 cyclopes
  2 salamanders (Snake:2)
  11 black mambas
  18 elephants
  Joseph (D:7)
  4 gargoyles
  2 torpor snails (Lair:8)
  3 centaur zombies
  13 spiny frogs
  4 fire drakes
  6 trolls
  A kobold demonologist (D:13)
  17 komodo dragons
  4 two-headed ogres
  21 polar bears
  Prince Ribbit (D:7)
  2 centaur simulacra (D:15)
  A trapdoor spider zombie (D:13)
  2 giant leeches (Lair:5)
  3 boulder beetles
  6 slime creatures (D:12)
  28 blink frogs
  A spriggan (Lair:6)
  Sigmund (D:4)
  A trapdoor spider (D:11)
  3 wyverns
  3 shadows
  8 fire bats (Lair:2)
  6 wraiths
  2 deep elf fighters (D:15)
  A basilisk (Lair:3)
  A hog (D:7)
  51 yaks
  8 deep elf magi
  A vampire (D:13)
  A yak (shapeshifter) (D:13)
  A hungry ghost (D:14)
  Grum (D:9)
  A human (D:7)
  35 wolves
  A mottled dragon (D:13)
  4 wargs
  9 hippogriffs
  3 steam dragons
  10 nagas
  The ghost of Xuu the Sneak, an amateur KoAs (D:3)
  A swamp worm (Lair:5)
  7 soldier ants (Lair:4)
  14 water moccasins
  8 porcupines
  2 ice beasts
  29 orc warriors
  2 sky beasts
  2 necrophages
  An ice beast (shapeshifter) (D:13)
  A slave (D:7)
  2 phantoms
  13 ogres
  8 centaurs
  5 black bears
  An eye of draining (D:8)
  3 big kobolds
  26 giant frogs
  Blork the orc (D:5)
  2 wyvern zombies
  13 crocodiles
  A brain worm (D:15)
  A wyvern skeleton (D:13)
  3 gnoll sergeants (D:11)
  6 scorpions
  6 wights
  4 killer bees
  2 electric eels (Lair:5)
  5 crimson imps
  7 giant frog zombies
  36 orc priests
  A gnoll shaman (D:8)
  A wyvern simulacrum (D:13)
  4 jellies
  Crazy Yiuf (D:5)
  29 orc wizards
  6 hounds
  6 centaur skeletons
  4 giant frog skeletons
  34 worker ants
  15 iguanas
  39 sheep
  A hound zombie (D:8)
  5 hound skeletons
  13 gnolls
  15 adders
  75 river rats
  A worker ant zombie (D:5)
  10 shadow imps
  An ooze (D:4)
  An adder skeleton (D:4)
  3 worms
  181 orcs
  3 ball pythons
  16 goblins
  12 hobgoblins
  5 quokkas
  4 bats
  3 giant cockroaches
  4 giant geckos
  4 giant newts
  18 jackals
  A jackal skeleton (D:1)
  10 kobolds
  3 rats (D:2)
  4 butterflies (D:6)
  2 fungi (D:1)
  A spectral weapon (Snake:2)
1158 creatures vanquished.

Vanquished Creatures (collateral kills)
  Asterion (Snake:2)
  An orc high priest (Orc:4)
  2 naga sharpshooters (Snake:2)
  An orc knight (Orc:4)
  A salamander (Snake:2)
  2 orc warriors (Orc:4)
  2 orc priests (Orc:4)
  An orc wizard (Orc:4)
  2 orcs (Orc:4)
13 creatures vanquished.

Vanquished Creatures (others)
  A slave (D:7)
  A crimson imp (D:7)
  A bush (Lair:6)
  A butterfly (D:6)
  8 fungi
  3 plants (Lair:8)
15 creatures vanquished.

Grand Total: 1186 creatures vanquished

Notes
Turn   | Place    | Note
--------------------------------------------------------------
     0 | D:1      | Mercurio the Minotaur Berserker began the quest for the Orb.
     0 | D:1      | Reached XP level 1. HP: 19/19 MP: 0/0
   553 | D:1      | Reached skill level 4 in Long Blades
   768 | D:1      | Reached XP level 2. HP: 22/27 MP: 1/1
  1256 | D:2      | Found a shadowy altar of Dithmenos.
  1263 | D:2      | Reached XP level 3. HP: 23/33 MP: 2/2
  1655 | D:2      | Found an iron altar of Okawaru.
  1656 | D:2      | Reached skill level 5 in Long Blades
  1658 | D:2      | Reached ** piety under Trog
  2006 | D:3      | Reached XP level 4. HP: 40/40 MP: 3/3
  2034 | D:3      | Found a shattered altar of Ashenzari.
  2070 | D:3      | Found a white marble altar of Elyvilon.
  2095 | D:3      | Noticed Xuu's ghost (amateur KoAs)
  2103 | D:3      | Killed Xuu's ghost
  2103 | D:3      | Reached skill level 5 in Fighting
  2103 | D:3      | Reached XP level 5. HP: 48/48 MP: 4/4
  2178 | D:3      | Found a basalt altar of Yredelemnul.
  2332 | D:3      | Reached skill level 6 in Long Blades
  2375 | D:3      | Reached XP level 6. HP: 42/56 MP: 5/5
  2477 | D:3      | Reached *** piety under Trog
  3233 | D:4      | Got a distressingly furry ring mail
  3234 | D:4      | Identified the +3 ring mail of Tartarus {MR- MP+9 Dex+5} (You found it on level 4 of the Dungeon)
  3504 | D:4      | Noticed Sigmund
  3519 | D:4      | Killed Sigmund
  3519 | D:4      | Reached skill level 7 in Long Blades
  3519 | D:4      | Reached XP level 7. HP: 53/61 MP: 6/6
  3727 | D:4      | Got a pair of smoking boots
  3744 | D:4      | Identified the +0 pair of boots of Joy {rPois rN+ Dex+4} (You found it on level 4 of the Dungeon)
  3803 | D:4      | Reached skill level 5 in Dodging
  3968 | D:5      | Entered Level 5 of the Dungeon
  3970 | D:5      | Found a stormy altar of Qazlal.
  3971 | D:5      | Found a blossoming altar of Fedhas.
  4001 | D:5      | Reached skill level 8 in Long Blades
  4004 | D:5      | Reached **** piety under Trog
  4019 | D:5      | Reached skill level 5 in Armour
  4087 | D:5      | Noticed Blork the orc
  4096 | D:5      | Killed Blork the orc
  4098 | D:5      | Reached XP level 8. HP: 68/68 MP: 7/7
  4108 | D:5      | Reached skill level 9 in Long Blades
  4368 | D:5      | Noticed Crazy Yiuf
  4378 | D:5      | Killed Crazy Yiuf
  4455 | D:5      | Reached skill level 10 in Long Blades
  5007 | D:6      | Reached skill level 11 in Long Blades
  5201 | D:6      | Found a staircase to the Ecumenical Temple.
  5218 | Temple   | Entered the Ecumenical Temple
  5411 | D:6      | Reached skill level 12 in Long Blades
  5411 | D:6      | Reached XP level 9. HP: 72/74 MP: 8/8
  5521 | D:7      | Noticed Pikel
  5746 | D:7      | Noticed Prince Ribbit
  5752 | D:7      | Killed Prince Ribbit
  5778 | D:7      | Received a gift from Trog
  5848 | D:7      | Noticed Joseph
  5857 | D:7      | Killed Joseph
  5857 | D:7      | Reached skill level 13 in Long Blades
  6146 | D:7      | Found a burning altar of Makhleb.
  6206 | D:7      | Killed Pikel
  6206 | D:7      | Reached skill level 14 in Long Blades
  6251 | D:7      | Found Gawkidec's Antique Weapon Boutique.
  6256 | D:7      | Bought a great sword for 188 gold pieces
  6454 | D:7      | Reached XP level 10. HP: 83/88 MP: 9/9
  6591 | D:8      | Found an iron altar of Okawaru.
  6609 | D:8      | Found a bloodstained altar of Trog.
  6610 | D:8      | Found a sacrificial altar of Ru.
  6737 | D:8      | Found a staircase to the Lair.
  6805 | D:8      | Reached ***** piety under Trog
  7095 | D:8      | Received a gift from Trog
  7502 | Lair:1   | Entered Level 1 of the Lair of Beasts
  7529 | Lair:1   | Reached skill level 15 in Long Blades
  7532 | Lair:1   | Reached skill level 10 in Fighting
  7576 | Lair:1   | Found a frozen archway.
  7585 | IceCv    | Entered an ice cave
  7746 | IceCv    | Noticed an ice statue
  8078 | IceCv    | Killed an ice statue
  8145 | IceCv    | Reached XP level 11. HP: 99/99 MP: 6/10
  8190 | IceCv    | Noticed a death yak
  8202 | IceCv    | Killed a death yak
  8202 | IceCv    | Reached skill level 16 in Long Blades
  8824 | IceCv    | Noticed a white draconian
  8838 | IceCv    | Killed a white draconian
  8841 | IceCv    | Reached skill level 17 in Long Blades
  8854 | IceCv    | Reached skill level 10 in Dodging
  8854 | IceCv    | Reached XP level 12. HP: 106/106 MP: 6/11
  8855 | IceCv    | Received a gift from Trog
  9337 | Lair:2   | Noticed Nergalle
  9344 | Lair:2   | Killed Nergalle
  9512 | Lair:1   | Noticed Gastronok
  9536 | Lair:1   | Killed Gastronok
  9715 | Lair:1   | Noticed a five-headed hydra
  9736 | Lair:1   | Killed a nine-headed hydra
 10100 | Lair:2   | Reached skill level 18 in Long Blades
 10548 | Lair:2   | Reached skill level 10 in Armour
 10559 | Lair:2   | Reached skill level 1 in Evocations
 10745 | Lair:2   | Received a gift from Trog
 11240 | Lair:3   | Reached skill level 5 in Evocations
 11246 | Lair:3   | Reached XP level 13. HP: 112/113 MP: 8/15
 12021 | Lair:4   | Found a staircase to the Snake Pit.
 12059 | Lair:4   | Reached ****** piety under Trog
 12273 | Lair:4   | Received a gift from Trog
 12494 | Lair:4   | Reached skill level 1 in Unarmed Combat
 12961 | Lair:5   | Received a gift from Trog
 13251 | Lair:5   | Found a staircase to the Swamp.
 13290 | Lair:5   | Noticed Nessos
 13297 | Lair:5   | Killed Nessos
 13297 | Lair:5   | Reached skill level 5 in Unarmed Combat
 14398 | Lair:6   | Reached XP level 14. HP: 127/127 MP: 8/16
 14514 | Lair:6   | Found a staircase to the Slime Pits.
 14793 | Lair:6   | Received a gift from Trog
 14794 | Lair:6   | Got an ancient great sword {god gift}
 14795 | Lair:6   | Identified the +8 great sword "Ziunomov" {slice, rC+} (Trog gifted it to you on level 6 of the Lair of Beasts)
 15478 | Lair:6   | Received a gift from Trog
 15904 | Lair:8   | Entered Level 8 of the Lair of Beasts
 16469 | Lair:8   | Received a gift from Trog
 16928 | Lair:8   | Reached skill level 15 in Fighting
 17234 | D:9      | Found a shimmering altar of Xom.
 17234 | D:9      | Found a glowing silver altar of Zin.
 17234 | D:9      | Noticed an angel
 17368 | D:9      | Found a white marble altar of Elyvilon.
 17448 | D:9      | Found Venitaaha's Magic Scroll Shop.
 17461 | D:9      | Noticed Grum
 17469 | D:9      | Killed Grum
 17479 | D:9      | Bought a scroll of identify for 28 gold pieces
 17479 | D:9      | Bought a scroll of recharging for 133 gold pieces
 17479 | D:9      | Bought a scroll of identify for 28 gold pieces
 17479 | D:9      | Bought a scroll of identify for 28 gold pieces
 17479 | D:9      | Bought a scroll of remove curse for 42 gold pieces
 17479 | D:9      | Bought a scroll of fear for 49 gold pieces
 17561 | D:9      | Found a burning altar of Makhleb.
 17561 | D:9      | Found a radiant altar of Vehumet.
 17605 | D:9      | Received a gift from Trog
 17606 | D:9      | Got a scorched great sword {god gift}
 17607 | D:9      | Identified the +8 great sword of Earthquakes {elec, +Fly Int+3} (Trog gifted it to you on level 9 of the Dungeon)
 17704 | D:10     | Entered Level 10 of the Dungeon
 17903 | D:10     | Found a portal to a secret trove of treasure.
 18648 | D:11     | Reached XP level 15. HP: 141/141 MP: 17/17
 18795 | D:11     | Found a staircase to the Orcish Mines.
 18799 | D:11     | Received a gift from Trog
 19117 | Orc:1    | Entered Level 1 of the Orcish Mines
 19149 | Orc:1    | Noticed Fannar
 19166 | Orc:1    | Killed Fannar
 19166 | Orc:1    | Reached skill level 15 in Dodging
 19259 | Orc:1    | Noticed Snorg
 19264 | Orc:1    | Killed Snorg
 19634 | Orc:2    | Found a roughly hewn altar of Beogh.
 19759 | Orc:1    | Received a gift from Trog
 20117 | Orc:3    | Noticed Josephine
 20124 | Orc:3    | Killed Josephine
 20578 | Orc:4    | Entered Level 4 of the Orcish Mines
 20977 | Orc:4    | Received a gift from Trog
 21041 | Orc:4    | Found a runed door.
 21221 | Orc:3    | Found a staircase to the Elven Halls.
 21221 | Orc:3    | Noticed Urug
 21227 | Orc:3    | Killed Urug
 21335 | Orc:3    | Found Kemyer's Armour Emporium.
 21657 | Orc:4    | Received a gift from Trog
 22220 | Orc:4    | Found Vearreps's Book Shoppe.
 22220 | Orc:4    | Found Evaxzax's Food Shoppe.
 22221 | Orc:4    | Found Ekhal's Weapon Emporium.
 22221 | Orc:4    | Found Ynup Xaph's Gadget Shoppe.
 22235 | Orc:4    | Bought a wand of draining (7) for 132 gold pieces
 22235 | Orc:4    | Bought an ornate deck of defence for 240 gold pieces
 22235 | Orc:4    | Bought a wand of disintegration (14) for 216 gold pieces
 22235 | Orc:4    | Bought an ornate deck of defence for 240 gold pieces
 22376 | Orc:4    | Gained mutation: Your body sometimes deteriorates upon taking damage. [a neqoxec]
 22432 | Orc:4    | Found a roughly hewn altar of Beogh.
 22650 | Lair:2   | Identified 2 scrolls of acquirement
 22890 | D:11     | Received a gift from Trog
 22891 | D:11     | Got a crude great sword {god gift}
 22892 | D:11     | Identified the +10 great sword of Untruth {flame, rN+ SInv} (Trog gifted it to you on level 11 of the Dungeon)
 23353 | D:12     | Gained mutation: You regenerate slowly when monsters are visible. [mutagenic meat]
 23354 | D:12     | Gained mutation: You are resistant to hostile enchantments. [mutagenic meat]
 23355 | D:12     | Gained mutation: You are robust (+10% HP). [mutagenic meat]
 23356 | D:12     | Gained mutation: Scrolls take you a little longer to read. [mutagenic meat]
 24030 | D:13     | Noticed a storm dragon
 24049 | D:13     | Killed a storm dragon
 24611 | D:13     | Received a gift from Trog
 24669 | D:13     | Reached skill level 19 in Long Blades
 25491 | D:13     | Found a gate to the Vaults.
 25494 | D:13     | Reached XP level 16. HP: 163/163 MP: 20/20
 25707 | D:14     | Received a gift from Trog
 25711 | D:14     | Got a crystal great sword {god gift}
 25712 | D:14     | Identified the +7 great sword of War {slice, rElec rC- MR+ Int+3} (Trog gifted it to you on level 14 of the Dungeon)
 26628 | D:15     | Entered Level 15 of the Dungeon
 27279 | D:15     | Received a gift from Trog
 27421 | D:15     | Found a staircase to the Depths.
 27898 | Snake:1  | Entered Level 1 of the Snake Pit
 27915 | Snake:1  | Reached skill level 20 in Long Blades
 28785 | Snake:2  | Reached skill level 15 in Armour
 29047 | Snake:2  | Noticed Asterion
 29064 | Snake:2  | Killed Asterion
 29157 | Snake:2  | Received a gift from Trog
 29406 | Snake:2  | Noticed Vashnia
 29693 | Snake:2  | Slain by a hill giant

Vault maps used:
D:1:      dpeg_arrival_water_fire
D:2:      grunt_dithmenos_smoke_and_mirrors, first_bread,
          okawaru_altar_gauntlet_db
D:3:      kennysheep_ying_yang, cheibrodos_ashenzari_chains
D:4:      minmay_ogre_servants, uniq_sigmund
D:5:      kennysheep_six_static_rooms, grunt_temple_overflow_forces_of_nature,
          uniq_blork_the_orc, uniq_crazy_yiuf_cottage
D:6:      minmay_temple_entry_butterflies
D:7:      serial_shops, shop, grunt_livestock, makhleb_blood_cavern_becter,
          uniq_pikel, uniq_prince_ribbit1, uniq_joseph
D:8:      forest_paths, minitemple, lair_0_dummy, serial_column_ruins,
          column_ruins_hut, column_ruins_circle_large,
          column_ruins_columns_dead_end, column_ruins_open_tiny,
          column_ruins_corridor_corner
D:9:      grunt_temple_overflow_order_and_chaos_1,
          grunt_temple_overflow_lords_of_destruction, serial_shops, shop,
          elyvilon_altar_4, uniq_grum
D:10:     kennysheep_steamy, enter_trove_0
D:11:     kennysheep_orc_monster_closet_entryway, minmay_misc_feat_pillars
D:12:     minmay_statue_hallways, dk_vineyard_1, spider_trap
D:13:     kennysheep_snake, david_vaults_1, grunt_decor_one_mirror
D:14:     minmay_goldmine
D:15:     grunt_enter_depths_magical_seal, corexii_leaking_fountain,
          minmay_stone_trees_small
Temple:   circular_temple_6
Lair:1:   portal_ice_cave_entry_pillars_01, uniq_gastronok
Lair:2:   beast_lair_carwin_11, infiniplex_staircase_pool, uniq_nergalle
Lair:3:   st_stairs_13
Lair:4:   guppyfry_snake_entry_garden, zaba_antful_of_joy
Lair:5:   minmay_swamp_entry_worms, serial_bayou_shore_a, uniq_nessos
Lair:6:   slime_dummy, grunt_forest_stairs_clearing
Lair:7:   infiniplex_staircase_pool_2
Lair:8:   grunt_lair_end_beastmaster
Snake:1:  dpeg_stationary_puzzle, grunt_megastairs_2
Snake:2:  special_room, serial_bayou_pond_e, serial_bayou_pond_d,
          hangedman_snake_thin_pillar_pass, uniq_asterion, uniq_vashnia
Orc:1:    uniq_fannar, uniq_snorg
Orc:2:    basic_altar
Orc:3:    serial_shops, shop_statue, nicolae_orc_pool_cavern, uniq_josephine,
          uniq_urug
Orc:4:    st_orc_pillars, lightli_church_of_beogh
IceCv:    ice_cave_caverns_03

Action                   |  1- 3 |  4- 6 |  7- 9 | 10-12 | 13-15 | 16-18 || total
-------------------------+-------+-------+-------+-------+-------+-------++-------
Melee: Falchion          |    81 |   113 |    69 |       |       |       ||   263
       Long sword        |       |       |   145 |       |       |       ||   145
       Great sword       |       |       |     2 |   423 |   889 |   277 ||  1591
       Double sword      |       |       |       |       |   297 |       ||   297
       Triple sword      |       |       |       |       |    69 |       ||    69
Throw: Javelin           |       |       |     5 |     6 |    27 |     7 ||    45
       Tomahawk          |       |       |       |       |     3 |       ||     3
Invok: Berserk           |     4 |     2 |     4 |     8 |     9 |     3 ||    30
       Trog's Hand       |       |     1 |     1 |     3 |     4 |     5 ||    14
       Brothers in Arms  |       |       |       |       |     1 |     3 ||     4
Evoke: Wand              |       |       |       |     1 |     4 |       ||     5
  Use: Scroll            |       |     1 |    12 |     8 |    16 |     6 ||    43
       Potion            |       |       |       |       |     1 |     1 ||     2
 Stab: Sleeping          |       |       |     2 |     1 |     6 |     2 ||    11
       Invisible         |       |       |       |     3 |     3 |       ||     6
       Petrified         |       |       |       |       |     3 |       ||     3
       Distracted        |       |       |       |       |       |     1 ||     1
  Eat: Chunk             |     7 |     7 |    14 |    23 |    61 |    10 ||   122
       Meat ration       |       |       |       |       |       |     1 ||     1
       Fruit             |       |       |       |       |       |     1 ||     1
       Beef jerky        |       |       |       |       |       |     1 ||     1
